 Dungeon Crawl Stone Soup version 0.27.1-34-g3ba077fa99 (webtiles) character file.

Game seed: 2546911978994087211

5156 boopmooplesden the Spear-Bearer (level 10, 0/86 HPs)
             Began as a Minotaur Fighter on Jan 21, 2022.
             Was an Elder of Okawaru.
             Slain by a seven-headed hydra (6 damage)
             ... on level 9 of the Dungeon.
             The game lasted 00:09:44 (8210 turns).

boopmooplesden the Spear-Bearer (Minotaur Fighter)  Turns: 8210, Time: 00:09:44

Health: 0/86       AC: 17    Str: 23    XL:     10   Next: 33%
Magic:  7/9        EV:  9    Int:  5    God:    Okawaru [****..]
Gold:   451        SH: 13    Dex: 11    Spells: 9/9 levels left

rFire    . . .     SeeInvis .   a - +3 trident
rCold    . . .     Faith    .   c - +0 kite shield
rNeg     . . .     Spirit   .   e - +1 plate armour
rPois    .         Reflect  .   (helmet restricted)
rElec    .         Harm     .   (no cloak)
rCorr    .         Rampage  .   (no gloves)
Will     .....                  (no boots)
Stlth    ..........             (no amulet)
HPRegen  0.24/turn              (no ring)
MPRegen  0.11/turn              (no ring)

@: heroic
A: horns 2, retaliatory headbutt
a: Renounce Religion, Heroism


You were on level 9 of the Dungeon.
You worshipped Okawaru.
Okawaru was greatly pleased with you.
You visited 1 branch of the dungeon, and saw 10 of its levels.

You collected 451 gold pieces.

Inventory:

Hand Weapons
 a - a +3 trident (weapon)
 w - a +4 spear of venom
Missiles
 h - 14 silver javelins (quivered)
Armour
 b - a +0 scale mail
 c - a +0 kite shield (worn)
 e - a +1 plate armour (worn)
Jewellery
 d - a ring of poison resistance
 o - the ring of Wu Jian's Favour {rF+ rC- Str+5 Int+5}
   (You found it on level 7 of the Dungeon)

   [ring of protection from fire]

   Str:       It affects your strength (+5).
   Int:       It affects your intelligence (+5).
   rF:        It protects you from fire.
   rC:        It makes you vulnerable to cold.
Wands
 j - a wand of polymorph (15)
 r - a wand of paralysis (6)
Scrolls
 f - 5 scrolls of identify
 i - a scroll of fog
 l - 3 scrolls of teleportation
 n - 3 scrolls of fear
 s - 2 scrolls of magic mapping
 u - 2 scrolls of immolation {unknown}
 v - a scroll of vulnerability {unknown}
Potions
 g - 2 potions of curing
 k - a potion of heal wounds {unknown}
 m - 2 potions of ambrosia {unknown}
 p - a potion of degeneration {unknown}
 q - a potion of brilliance {unknown}
 t - a potion of mutation {unknown}


   Skills:
 + Level 7.3(12.3) Fighting
 + Level 12.0(17.0) Polearms
 + Level 0.7(5.7) Throwing
 + Level 9.2(14.2) Armour
 + Level 2.2(7.2) Dodging
 + Level 1.0(6.0) Stealth
 + Level 9.1(14.1) Shields
 + Level 0.5 Invocations


You had 9 spell levels left.
You didn't know any spells.
Your spell library contained the following spells:

 Spells                   Type           Power      Damage    Failure   Level
 Animate Skeleton         Necr           0%         N/A       99%         1
 Pain                     Necr           0%         1d4       99%         1
 Stone Arrow              Conj/Erth      0%         3d7       100%        3
 Tukima's Dance           Hex            0%         N/A       100%        3
 Vampiric Draining        Necr           0%         2d6       100%        3
 Animate Armour           Summ/Erth      0%         N/A       100%        4
 Passage of Golubria      Tloc           N/A        N/A       100%        4
 Agony                    Necr           0%         N/A       100%        5
 Excruciating Wounds      Necr           0%         N/A       100%        5
 Yara's Violent Unravell  Hex/Tmut       0%         3d3       100%        5
 Lehudib's Crystal Spear  Conj/Erth      0%         10d2      100%        8


Dungeon Overview and Level Annotations

Branches:
Dungeon (10/15)            Temple (0/1) D:4             Orc (0/2) D:9
   Lair: D:8-11

Altars:
Gozag
Okawaru
Trog
Yredelemnul
The Shining One

Annotations:
D:8 2 transporters, iwittbrodt's ghost, novice DrCj
D:9 1 runed translucent door


Innate Abilities, Weirdness & Mutations

You have a pair of horns on your head.
You reflexively headbutt those who attack you in melee.


Message History

The seven-headed hydra closely misses you. x2
The seven-headed hydra bites you!
You block the seven-headed hydra's attack.
The seven-headed hydra bites you but does no damage.
You block the seven-headed hydra's attack.
The seven-headed hydra misses you.
You barely miss the seven-headed hydra. You headbutt the seven-headed hydra!
The seven-headed hydra is severely wounded.
The seven-headed hydra bites you!
You block the seven-headed hydra's attack.
The seven-headed hydra bites you.
The seven-headed hydra bites you but does no damage. x3
The seven-headed hydra bites you.
You barely miss the seven-headed hydra.
The seven-headed hydra is severely wounded.
You barely miss the seven-headed hydra.
You headbutt the seven-headed hydra, but do no damage.
The seven-headed hydra is severely wounded.
The seven-headed hydra bites you.
You block the seven-headed hydra's attack.
The seven-headed hydra bites you.
You block the seven-headed hydra's attack.
The seven-headed hydra bites you but does no damage.
The seven-headed hydra barely misses you.
The seven-headed hydra bites you.
* * * LOW HITPOINT WARNING * * *
You puncture the seven-headed hydra!
The seven-headed hydra is severely wounded.
You barely miss the seven-headed hydra.
The seven-headed hydra is severely wounded.
The seven-headed hydra bites you.
* * * LOW HITPOINT WARNING * * *
You block the seven-headed hydra's attack. x2
The seven-headed hydra completely misses you.
The seven-headed hydra bites you!
* * * LOW HITPOINT WARNING * * *
The seven-headed hydra bites you.
* * * LOW HITPOINT WARNING * * *
The seven-headed hydra bites you.
You die...

##.##รท.##.######### #.#
.....#.#....##....# #.#
##..###.##.#...##.# #.#
###.......######.# #.#
#.#.####.#####.###.#####
##### #####............#
#.#.####.###.#####
##.##.#.####.# #.#
.........ZD@.# #.#
##.##.#.###### #.#
##.##.#.########.#
..................
........#.........
##.##.#.#..###. .<
...... .# ..##.#.#..# ..
........


You could see a seven-headed hydra and an ogre zombie.

Vanquished Creatures
  Pikel (D:6)
  Sigmund (D:2)
  2 shadows (D:9)
  9 yaks (D:9)
  A wraith (D:5)
  Menkaure (D:5)
  Edmund (D:6)
  3 water moccasins
  Duvessa (D:7)
  2 sky beasts
  An ice beast (D:7)
  2 necrophages
  A centaur (D:6)
  A lemure (D:6)
  A phantom (D:9)
  2 kobold brigands
  2 bullfrogs
  2 gnoll sergeants (D:9)
  2 scorpions (D:6)
  Dowan (D:7)
  A wyvern skeleton (D:7)
  6 wights
  A bullfrog zombie (D:7)
  A centaur skeleton (D:7)
  3 jellies (D:6)
  Ijyb (D:5)
  2 iguanas
  4 orc wizards
  A killer bee zombie (D:8)
  4 ogre zombies (D:9)
  2 howler monkey zombies
  7 gnolls (D:9)
  7 adders
  A shadow imp (D:5)
  2 worms
  3 dart slugs
  14 orcs
  7 bats
  3 endoplasms (D:3)
  2 giant cockroaches
  4 goblins
  9 hobgoblins
  5 quokkas
  7 ball pythons
  2 frilled lizards
  2 goblin skeletons (D:9)
  4 hobgoblin skeletons (D:9)
  19 kobolds
  3 orc skeletons (D:9)
  9 orc zombies (D:9)
  4 rats
177 creatures vanquished.

Vanquished Creatures (others)
  25 plants
25 creatures vanquished.

Grand Total: 202 creatures vanquished

Notes
Turn   | Place    | Note
-------+----------+-------------------------------------------
     0 | D:1      | boopmooplesden the Minotaur Fighter began the quest for the
                  | Orb.
     0 | D:1      | Reached XP level 1. HP: 19/19 MP: 0/0
     2 | D:1      | Noticed an ogre
     2 | D:1      | Noticed a formicid
     4 | D:1      | Noticed a djinni
     4 | D:1      | Noticed a demigod
     6 | D:1      | Noticed a tengu
    13 | D:1      | Noticed a vampire
    13 | D:1      | Noticed an octopode
    15 | D:1      | Noticed an elf
    15 | D:1      | Noticed a ghoul
    18 | D:1      | Noticed a demonspawn
    20 | D:1      | Noticed a vine stalker
    22 | D:1      | Noticed a troll
    22 | D:1      | Noticed a minotaur
    24 | D:1      | Noticed a merfolk
    24 | D:1      | Noticed a gargoyle
    26 | D:1      | Noticed a draconian
    26 | D:1      | Noticed a palentonga
    28 | D:1      | Noticed a felid
    28 | D:1      | Noticed a spriggan
    30 | D:1      | Noticed a dwarf
    30 | D:1      | Noticed a barachi
    32 | D:1      | Noticed a naga
    32 | D:1      | Noticed a human
   144 | D:1      | Reached XP level 2. HP: 27/27 MP: 1/1
   585 | D:1      | Found a faded altar of an unknown god.
  1003 | D:2      | Reached skill level 3 in Polearms
  1124 | D:2      | Reached XP level 3. HP: 32/33 MP: 2/2
  1552 | D:2      | Noticed Sigmund
  1583 | D:2      | Killed Sigmund
  1584 | D:2      | Reached skill level 4 in Polearms
  1584 | D:2      | Reached XP level 4. HP: 24/41 MP: 3/3
  1584 | D:2      | Reached XP level 5. HP: 27/47 MP: 4/4
  2310 | D:3      | Reached skill level 5 in Shields
  2513 | D:3      | Reached skill level 5 in Armour
  2659 | D:4      | Found an opulent altar of Gozag.
  2659 | D:4      | Found an iron altar of Okawaru.
  2672 | D:4      | Became a worshipper of Warmaster Okawaru
  2675 | D:4      | Noticed a necrophage
  2686 | D:4      | Killed a necrophage
  2687 | D:4      | Reached XP level 6. HP: 45/53 MP: 5/5
  2745 | D:4      | Reached skill level 5 in Polearms
  3004 | D:4      | Found a staircase to the Ecumenical Temple.
  3358 | D:5      | Entered Level 5 of the Dungeon
  3375 | D:5      | Reached * piety under Okawaru
  3414 | D:5      | Noticed Menkaure
  3419 | D:5      | Killed Menkaure
  3420 | D:5      | Reached skill level 1 in Dodging
  3420 | D:5      | Reached XP level 7. HP: 33/60 MP: 6/6
  3677 | D:5      | Noticed a wraith
  3682 | D:5      | Reached skill level 6 in Polearms
  3695 | D:5      | Killed a wraith
  3696 | D:5      | Reached skill level 5 in Fighting
  3968 | D:5      | Noticed Ijyb
  3978 | D:5      | Killed Ijyb
  4571 | D:7      | Reached XP level 8. HP: 26/68 MP: 7/7
  4812 | D:7      | Reached skill level 7 in Polearms
  5047 | D:7      | Found a glowing golden altar of the Shining One.
  5288 | D:7      | Identified the ring of Wu Jian's Favour {rF+ rC- Str+5
                  | Int+5}
  5468 | D:7      | Reached skill level 8 in Polearms
  5512 | D:7      | Reached ** piety under Okawaru
  5689 | D:7      | Noticed Dowan
  5690 | D:7      | Noticed Duvessa
  5704 | D:7      | Killed Duvessa
  5708 | D:7      | Killed Dowan
  5833 | D:6      | Noticed Pikel
  5860 | D:6      | Killed Pikel
  5861 | D:6      | Reached skill level 9 in Polearms
  5861 | D:6      | Reached XP level 9. HP: 64/75 MP: 6/8
  6300 | D:6      | Reached skill level 10 in Polearms
  6374 | D:6      | Reached skill level 1 in Stealth
  6536 | D:6      | Noticed Edmund
  6542 | D:6      | Killed Edmund
  6729 | D:8      | Found a transporter.
  6739 | D:8      | Noticed iwittbrodt's ghost (novice DrCj)
  6739 | D:8      | Noticed a moth of wrath
  6749 | D:8      | Found a bloodstained altar of Trog.
  6758 | D:8      | Reached *** piety under Okawaru
  6760 | D:8      | Found a transporter.
  6871 | D:8      | You fall into a shaft and drop 2 floors!
  6871 | D:10     | Entered Level 10 of the Dungeon
  6909 | D:9      | Found a runed translucent door.
  6915 | D:9      | Found a basalt altar of Yredelemnul.
  7241 | D:9      | Reached skill level 11 in Polearms
  7265 | D:9      | Received a gift from Okawaru
  7266 | D:9      | Reached XP level 10. HP: 33/84 MP: 9/9
  7569 | D:9      | Found a staircase to the Orcish Mines.
  7912 | D:9      | Reached **** piety under Okawaru
  7926 | D:9      | Reached skill level 12 in Polearms
  8192 | D:9      | Noticed a seven-headed hydra
  8210 | D:9      | Slain by a seven-headed hydra

Illustrated notes

Levels and vault maps discovered:
D:1:      kb_arrival_jail, layout_basic,
          dreamdust_ecumenical_altar_angels_and_demons, nrook_uturn
D:2:      layout_loops_corners, serial_bayou, serial_bayou_pond_e,
          serial_bayou_ford_a, serial_bayou_pond_c, serial_bayou_pond_e,
          uniq_sigmund
D:3:      layout_rooms, hangedman_abyss_or_decor_stabs
D:4:      layout_loops_ring, mainiacjoe_overflow_large_starburst,
          minmay_temple_entry_glassed_door
D:5:      layout_loops_ring, minmay_misc_feat_five, uniq_ijyb, uniq_menkaure
D:6:      cheibrodos_quashed, layout_basic, uniq_pikel, uniq_edmund
D:7:      layout_loops_ring, lemuel_tele_altar, uniq_duvessa
D:8:      layout_loops_ring, mainiacjoe_overflow_catwalk,
          mainiacjoe_overflow_concentric_impassable,
          gammafunk_ghost_berserking_beasts
D:9:      layout_basic, dk_yredelemnul_ordeal, nicolae_elyvilon_temple_path,
          zombieorc1_lemuel, wad_mini_maze
D:10:     layout_small_grid, nemelex_spade_bored_becter, kennysheep_little_box,
          serial_shops, kennysheep_mini, uniq_joseph

Skill      XL: |  1  2  3  4  5  6  7  8  9 10 |
---------------+-------------------------------+-----
Fighting       | 4 5 6 7 |  7.3
Shields        | 4 5 6 7 8 9 |  9.1
Polearms       | 3 4 5 6 9 11 12 | 12.0
Armour         | 4 5 6 7 8 9 |  9.2
Dodging        | 1 2 |  2.2
Stealth        | 1 |  1.0
Throwing       | |  0.7
Invocations    | |  0.5

Action                   |  1- 3 |  4- 6 |  7- 9 | 10-12 || total
-------------------------+-------+-------+-------+-------++-------
Melee: Trident           |    77 |   105 |   327 |   111 ||   620
       Headbutt          |     7 |    17 |    58 |    34 ||   116
Throw: Javelin           |     4 |       |       |       ||     4
Invok: Heroism           |       |       |     3 |     3 ||     6
  Use: Scroll            |     4 |     6 |     3 |       ||    13
       Potion            |     2 |       |       |       ||     2
Armor: Scale mail        |    34 |     7 |       |       ||    41
       Plate armour      |       |    33 |   148 |    33 ||   214
       Skin              |       |       |     3 |       ||     3
Dodge: Dodged            |    27 |    18 |    54 |    22 ||   121
Block: Kite shield       |    38 |    54 |   162 |    41 ||   295
